 Dungeon Crawl Stone Soup version 0.27-a0-1557-g57f10a385c (webtiles) character file.

Game seed: 9196474083330220710

11 Sin92 the Skirmisher (level 2, 0/24 HPs)
             Began as a Demonspawn Fighter on July 15, 2021.
             Slain by a goblin (1 damage)
             ... on level 1 of the Dungeon.
             The game lasted 00:00:16 (166 turns).

Sin92 the Skirmisher (Demonspawn Fighter)            Turns: 166, Time: 00:00:17

Health: 0/24       AC:  6    Str: 16    XL:     2   Next: 13%
Magic:  2/2        EV:  7    Int:  9    God:
Gold:   0          SH:  8    Dex: 12    Spells: 1/1 levels left

rFire    . . .     SeeInvis .   a - +0 war axe
rCold    . . .     Faith    .   c - +0 kite shield
rNeg     . . .     Spirit   .   b - +0 scale mail
rPois    .         Reflect  .   (no helmet)
rElec    .         Harm     .   (no cloak)
rCorr    .         Rampage  .   (no gloves)
Will     .....                  (no boots)
Stlth    ..........             (no amulet)
HPRegen  0.08/turn              (no ring)
MPRegen  0.16/turn              (no ring)

@: no status effects
A: magic regeneration
a: no special abilities


You were on level 1 of the Dungeon.
You visited 1 branch of the dungeon, and saw 1 of its levels.

Inventory:

Hand Weapons
 a - a +0 war axe (weapon)
Armour
 b - a +0 scale mail (worn)
 c - a +0 kite shield (worn)
Potions
 d - a potion of might


   Skills:
 + Level 3.0 Fighting
 * Level 2.1 Axes
 + Level 2.8 Armour
 + Level 0.4 Dodging
 + Level 2.8 Shields


You had one spell level left.
You didn't know any spells.
Your spell library was empty.

Dungeon Overview and Level Annotations

Branches:
Dungeon (1/15)

Altars:


Innate Abilities, Weirdness & Mutations

You regenerate magic rapidly.


Message History

There are monsters nearby!
You closely miss the goblin.
The goblin is moderately wounded.
The goblin hits you with a +0 club. The quokka barely misses you.
Unknown command.
Unknown command.
There are monsters nearby!
You closely miss the goblin.
The goblin is moderately wounded.
Your shield prevents you from hitting the quokka.
You block the quokka's attack. The goblin completely misses you.
The quokka bites you. The goblin hits you with a +0 club.
* * * LOW HITPOINT WARNING * * *
There are monsters nearby!
You are too injured to fight recklessly!
Unknown command.
You are too injured to fight recklessly!
Unknown command.
There are monsters nearby!
You are too injured to fight recklessly!
Unknown command.
There are monsters nearby!
You are too injured to fight recklessly!
Your shield and scale mail prevent you from hitting the quokka.
You barely miss the goblin. You block the quokka's attack.
The goblin closely misses you. You block the quokka's attack.
The goblin completely misses you.
You closely miss the quokka. You barely miss the goblin.
You block the quokka's attack. The goblin hits you with a +0 club.
* * * LOW HITPOINT WARNING * * *
The quokka bites you but does no damage.
You slash the quokka!
You kill the quokka!
You closely miss the goblin. You block the goblin's attack.
The goblin hits you with a +0 club.
* * * LOW HITPOINT WARNING * * *
You closely miss the goblin.
The goblin is moderately wounded.
The goblin hits you with a +0 club.
You die...

......#### ####
.........##....
...............
#.............
#.............
#.............
#....†........
#....g@)......
#...)..†).....
##......[.....
##.$.)...##....
##..####### ###
######.....#
.......#...#
#####.....#
#.#...#


You could see a goblin.

Vanquished Creatures
  An endoplasm (D:1)
  A giant cockroach (D:1)
  2 goblins (D:1)
  A hobgoblin (D:1)
  A quokka (D:1)
  A frilled lizard (D:1)
  A kobold (D:1)
  2 rats (D:1)
10 creatures vanquished.

Notes
Turn   | Place    | Note
-------+----------+-------------------------------------------
     0 | D:1      | Sin92 the Demonspawn Fighter began the quest for the Orb.
     0 | D:1      | Reached XP level 1. HP: 18/18 MP: 1/1
   158 | D:1      | Gained mutation: You regenerate magic rapidly. [demonic
                  | ancestry]
   158 | D:1      | Reached XP level 2. HP: 21/24 MP: 2/2
   165 | D:1      | HP: 1/24 [goblin (3)]
   166 | D:1      | Slain by a goblin

Illustrated notes

Levels and vault maps discovered:
D:1:      dpeg_arrival_court, layout_rooms, serial_shops,
          nicolae_shop_statue_plus, nicolae_shop_crystal, shop,
          dreamdust_ecumenical_altar_statues, serial_park_tiny_2

Skill      XL: |  1 |
---------------+----+-----
Axes           | 2 |  2.1
Fighting       | |  3.0
Armour         | |  2.8
Dodging        | |  0.4
Shields        | |  2.8

Action                   || total
-------------------------++-------
Melee: War axe           ||    20
Armor: Scale mail        ||    13
Dodge: Dodged            ||    11
Block: Kite shield       ||    19

Table legend: (Time is in decaauts)
 A = Elapsed time spent in this place.
 B = Non-inter-level travel time spent in this place.
 C = Inter-level travel time spent in this place.
 D = Time resting spent in this place.
 E = Time spent auto-exploring this place.
 F = Levels seen in this place.
 G = Mean time per level.
                   A        B        C        D        E       F      G
               +--------+--------+--------+--------+--------+-----+--------+
         Total |    178 |    178 |      0 |      0 |    138 |   1 |  178.0 |
       Dungeon |    178 |    178 |      0 |      0 |    138 |   1 |  178.0 |
               +--------+--------+--------+--------+--------+-----+--------+

Top non-repeatable levels by time:
     D:1: 178 daAuts
